 Dungeon Crawl Stone Soup version 0.25-a0-566-g062765be81 (webtiles) character file.

Game seed: 562307161435215786, levelgen mode: deterministic

19060 Flugslaktarn the Cleaver (level 12, 0/112 HPs)
             Began as a Deep Dwarf Fighter on Feb 28, 2020.
             Was a High Priest of Makhleb.
             Slain by Rupert
             ... wielding a +2 vorpal great mace
              (5 damage)
             ... on level 12 of the Dungeon.
             The game lasted 00:05:48 (7393 turns).

Flugslaktarn the Cleaver (Deep Dwarf Fighter)       Turns: 7393, Time: 00:05:49

Health: 0/112      AC: 19    Str: 21    XL:     12   Next: 33%
Magic:  11/11      EV:  6    Int: 11    God:    Makhleb [*****.]
Gold:   782        SH: 12    Dex: 12    Spells: 11/11 levels left

rFire    . . .     SeeInvis +   F - +3 war axe (freeze)
rCold    . . .     Gourm    .   c - +0 kite shield
rNeg     . . .     Faith    .   n - +1 plate armour
rPois    .         Spirit   .   G - +0 hat {MR+}
rElec    .         Reflect  .   f - +2 cloak
rCorr    .         Harm     .   (no gloves)
MR       ++...                  (no boots)
Stlth    ..........             s - amulet of the acrobat
HPRegen  0.00/turn              i - ring of see invisible
MPRegen  0.12/turn              (no ring)

@: non-regenerating
A: damage resistance, heal wounds, horns 1, sense surroundings 2, shaggy fur 1,
weak 1, no regeneration
a: Heal Wounds, Minor Destruction, Lesser Servant of Makhleb, Major Destruction,
Greater Servant of Makhleb, Renounce Religion


You were on level 12 of the Dungeon.
You worshipped Makhleb.
Makhleb was extremely pleased with you.
You were not hungry.

You visited 2 branches of the dungeon, and saw 13 of its levels.

You collected 866 gold pieces.
You spent 84 gold pieces at shops.

Inventory:

Hand Weapons
 a - a +0 war axe
 k - a +2 vorpal hand axe
   (You took it off an orc on level 7 of the Dungeon)
 C - a +0 broad axe
   (You bought it in a shop on level 10 of the Dungeon)
 F - a +3 war axe of freezing (weapon)
   (You took it off a wight on level 11 of the Dungeon)
Armour
 c - a +0 kite shield (worn)
 f - a +2 cloak (worn)
   (You found it on level 2 of the Dungeon)
 n - a +1 plate armour (worn)
   (You found it on level 4 of the Dungeon)
 G - a +0 hat of magic resistance (worn)
   (You took it off Gastronok on level 11 of the Dungeon)
Jewellery
 i - a ring of see invisible (left hand)
   (You found it on level 6 of the Dungeon)
 j - a cursed amulet of inaccuracy {unknown}
   (You found it on level 12 of the Dungeon)
 s - an amulet of the acrobat (around neck)
   (You took it off an orc wizard on level 6 of the Dungeon)
 B - an uncursed ring of resist corrosion {unknown}
   (You found it on level 8 of the Dungeon)
Wands
 b - a wand of enslavement (8)
   (You found it on level 4 of the Dungeon)
 y - a wand of acid (1)
   (You found it on level 7 of the Dungeon)
Scrolls
 p - 4 scrolls of remove curse
 q - a scroll of enchant armour
 r - a scroll of amnesia {unknown}
 t - 5 scrolls of teleportation
 u - a scroll of magic mapping
 z - a scroll of blinking
 A - a scroll of brand weapon {unknown}
 D - a scroll of noise {unknown}
Potions
 d - a potion of might
 g - 2 potions of brilliance
 h - a potion of mutation
 l - 3 potions of flight
 m - 2 potions of haste {unknown}
 o - a potion of stabbing {unknown}
 v - a potion of lignification
 w - 3 potions of heal wounds
 x - a potion of magic {unknown}
 E - 3 potions of berserk rage
Comestibles
 e - 21 rations
 H - 10 chunks of flesh


   Skills:
 + Level 8.3 Fighting
 * Level 13.1 Axes
 + Level 9.8 Armour
 + Level 10.0 Shields
 + Level 10.3 Invocations


You had 11 spell levels left.
You didn't know any spells.
Your spell library was empty.

Dungeon Overview and Level Annotations

Branches:
Dungeon (12/15)            Temple (1/1) D:4            Lair (0/6) D:10
    Orc (0/2) D:10

Altars:
Cheibriados
Elyvilon
Fedhas
Gozag
Kikubaaqudgha
Makhleb
Okawaru
Qazlal
Ru
Sif Muna
Uskayaw
Vehumet
Xom
Yredelemnul
Zin
The Shining One

Shops:
D:10 (

Annotations:
D:6 Eustachio
D:12 Rupert


Innate Abilities, Weirdness & Mutations

You are resistant to damage.
You can heal yourself by infusing magical energy.
You passively map the area around you.
You do not regenerate.
You have a pair of small horns on your head.
You are covered in fur. (AC +1)
You are weak. (Str -2)


Message History

You kill the orc wizard!
Makhleb accepts your kill.
You feel better.
Rupert hits you with a +2 vorpal great mace.
There are monsters nearby!
There are monsters nearby!
You slash Rupert! You freeze Rupert. You headbutt Rupert, but do no damage.
Rupert is heavily wounded.
Rupert hits you with a +2 vorpal great mace!!
You closely miss Rupert. You headbutt Rupert!
Rupert is severely wounded.
Rupert hits you with a +2 vorpal great mace!
You slash Rupert! You freeze Rupert.
Rupert is severely wounded.
Rupert barely misses you.
You slash Rupert! You freeze Rupert. You headbutt Rupert!
Rupert is severely wounded.
Rupert hits you with a +2 vorpal great mace!!
* * * LOW HITPOINT WARNING * * *
You die...

.>..........#####+..# , * ,
....................#, ,, ,
.................)..# * ,
....................# , *,*
###....##.##.....########
.##....##.##.....#....... ,
* .................#)......
+,
.................@z...... ,
,
........รท.......@#)z.....
,
.................#.......,,
, ,
.................#.......
.................#.......
...............>.#....... *
.................#....... ,
, .................########
##################* , , ,,
.################# , ,, ,


You could see Rupert (berserk) and a wight.

Vanquished Creatures
  Gastronok (D:11)
  Josephine (D:11)
  Harold (D:7)
  Erica (D:11)
  3 two-headed ogres
  An unseen horror (D:12)
  Pikel (D:5)
  A deep elf mage (D:12)
  2 ugly things (D:11)
  Joseph (D:7)
  A gargoyle (D:11)
  A komodo dragon (D:11)
  3 trolls
  2 hornets
  2 hippogriffs
  Sigmund (D:5)
  A spriggan (D:8)
  5 wraiths
  A basilisk (D:11)
  Grum (D:8)
  3 hungry ghosts
  Edmund (D:6)
  Duvessa (D:6)
  A porcupine (D:10)
  A sky beast (D:8)
  7 orc warriors
  2 necrophages
  An ice beast (D:5)
  4 ogres
  3 black bears
  A phantom (D:9)
  11 centaurs
  4 wolves (D:8)
  A crocodile (D:12)
  2 big kobolds
  A gnoll sergeant (D:8)
  8 bullfrogs
  4 scorpions
  A water moccasin skeleton (D:7)
  Dowan (D:6)
  5 killer bees (D:12)
  7 wights
  A howler monkey (D:11)
  2 electric eels (D:9)
  3 crimson imps
  3 bullfrog zombies
  2 quasits (D:11)
  7 orc priests
  4 centaur skeletons
  3 jellies
  4 hounds
  16 orc wizards
  2 bullfrog skeletons
  6 iguanas
  10 worker ants
  2 worker ant zombies (D:11)
  8 adders
  7 gnolls
  4 shadow imps
  An adder skeleton (D:4)
  8 leopard geckos
  53 orcs
  5 bats
  8 giant cockroaches
  2 hobgoblins
  7 jackals
  11 kobolds
  A quokka (D:11)
  A ball python (D:3)
  A frilled lizard (D:3)
  4 goblins
  A quokka skeleton (D:8)
  3 rats
  A fungus (D:10)
292 creatures vanquished.

Notes
Turn   | Place    | Note
-------+----------+-------------------------------------------
     0 | D:1      | Flugslaktarn the Deep Dwarf Fighter began the quest for the
                  | Orb.
     0 | D:1      | Reached XP level 1. HP: 20/20 MP: 1/1
   240 | D:2      | Found a radiant altar of Vehumet.
   243 | D:2      | Reached XP level 2. HP: 22/27 MP: 2/2
   373 | D:2      | Reached skill level 3 in Axes
   382 | D:2      | Reached XP level 3. HP: 19/33 MP: 3/3
   466 | D:3      | Found an ancient bone altar of Kikubaaqudgha.
   482 | D:3      | Found a hide-covered altar of Uskayaw.
   507 | D:3      | Reached XP level 4. HP: 30/42 MP: 4/4
   647 | D:4      | Noticed a centaur
   659 | D:4      | Killed a centaur
   659 | D:4      | Reached skill level 4 in Axes
   659 | D:4      | Reached XP level 5. HP: 41/49 MP: 5/5
   704 | D:4      | Noticed an ogre
   706 | D:4      | Found a staircase to the Ecumenical Temple.
   721 | D:4      | Killed an ogre
   723 | D:4      | Reached XP level 6. HP: 37/56 MP: 6/6
   761 | Temple   | Entered the Ecumenical Temple
   844 | Temple   | Became a worshipper of Makhleb the Destroyer
   934 | D:4      | Reached skill level 5 in Axes
  1020 | D:4      | Reached skill level 1 in Invocations
  1094 | D:4      | Reached XP level 7. HP: 37/64 MP: 6/6
  1135 | D:4      | Found a snail-covered altar of Cheibriados.
  1193 | D:4      | Gained mutation: You are weak. (Str -2) [potion of
                  | mutation]
  1193 | D:4      | Gained mutation: You have a pair of small horns on your
                  | head. [potion of mutation]
  1193 | D:4      | Gained mutation: You are covered in fur. (AC +1) [potion of
                  | mutation]
  1473 | D:5      | Entered Level 5 of the Dungeon
  1474 | D:5      | Found a blossoming altar of Fedhas.
  1482 | D:5      | Noticed Sigmund
  1508 | D:5      | Killed Sigmund
  1508 | D:5      | Reached skill level 6 in Axes
  1508 | D:5      | Reached skill level 5 in Armour
  1508 | D:5      | Reached skill level 5 in Shields
  1555 | D:5      | Noticed Pikel
  1573 | D:5      | Killed Pikel
  1573 | D:5      | Reached XP level 8. HP: 33/73 MP: 6/8
  1683 | D:5      | Reached skill level 7 in Axes
  1918 | D:6      | Noticed Edmund
  1949 | D:6      | Killed Edmund
  1949 | D:6      | Reached skill level 5 in Fighting
  2034 | D:6      | Reached * piety under Makhleb
  2170 | D:6      | Noticed Duvessa
  2171 | D:6      | Noticed Dowan
  2178 | D:6      | Killed Dowan
  2186 | D:6      | Killed Duvessa
  2186 | D:6      | Reached skill level 8 in Axes
  2186 | D:6      | Gained mutation: You passively map the area around you.
                  | [Deep Dwarf growth]
  2186 | D:6      | Reached XP level 9. HP: 26/81 MP: 9/9
  2246 | D:6      | Reached skill level 5 in Invocations
  2457 | D:6      | Noticed Eustachio
  3096 | D:7      | Noticed Joseph
  3102 | D:7      | Noticed Harold
  3144 | D:7      | Reached skill level 9 in Axes
  3163 | D:7      | Killed Joseph
  3179 | D:7      | Killed Harold
  3179 | D:7      | Reached ** piety under Makhleb
  3179 | D:7      | Reached XP level 10. HP: 68/91 MP: 8/10
  3385 | D:7      | Found a shimmering altar of Xom.
  3684 | D:8      | Reached skill level 10 in Axes
  4071 | D:8      | Noticed Grum
  4095 | D:8      | Killed Grum
  4811 | D:9      | Found a sacrificial altar of Ru.
  4862 | D:9      | Reached *** piety under Makhleb
  5143 | D:9      | Reached skill level 11 in Axes
  5324 | D:10     | Entered Level 10 of the Dungeon
  5408 | D:10     | Found Feusycw's Antique Weapon Emporium.
  5416 | D:10     | Bought a broad axe for 84 gold pieces
  5554 | D:10     | Reached XP level 11. HP: 100/100 MP: 11/11
  5573 | D:10     | Found a staircase to the Orcish Mines.
  5658 | D:10     | Noticed a two-headed ogre
  5664 | D:10     | Killed a two-headed ogre
  6024 | D:10     | Found a staircase to the Lair.
  6101 | D:11     | Reached **** piety under Makhleb
  6104 | D:11     | Noticed a brown ugly thing
  6107 | D:11     | Noticed a green ugly thing
  6118 | D:11     | Killed a brown ugly thing
  6135 | D:11     | Killed a green ugly thing
  6259 | D:11     | Noticed Erica
  6288 | D:11     | Killed Erica
  6578 | D:11     | Reached skill level 12 in Axes
  6604 | D:11     | Noticed Gastronok
  6604 | D:11     | Noticed Josephine
  6634 | D:11     | Killed Josephine
  6675 | D:11     | Killed Gastronok
  6876 | D:11     | Reached ***** piety under Makhleb
  6876 | D:11     | Reached XP level 12. HP: 110/110 MP: 12/12
  6929 | D:11     | Noticed a two-headed ogre
  6942 | D:11     | Killed a two-headed ogre
  7024 | D:12     | Reached skill level 10 in Invocations
  7152 | D:12     | Noticed a two-headed ogre
  7161 | D:12     | Killed a two-headed ogre
  7209 | D:12     | Reached skill level 13 in Axes
  7220 | D:12     | Reached skill level 10 in Shields
  7369 | D:12     | Noticed Rupert
  7393 | D:12     | HP: 5/112 [Rupert/+2 vorpal great mace (31)]
  7393 | D:12     | Slain by Rupert

Levels and vault maps discovered:
D:1:      ebering_hopf_link, layout_loops_ring
D:2:      layout_rooms, fiery_altar_vehumet, minmay_tree_intersection,
          grunt_dithmenos_smoke_and_mirrors
D:3:      layout_rooms, grunt_temple_overflow_open
D:4:      layout_basic, cheibriados_altar_1, minmay_temple_entry_gardened_gates,
          first_ration
D:5:      layout_rooms, basic_altar, uniq_sigmund, uniq_pikel
D:6:      layout_basic, gup_sewer_entry_bowl, kennysheep_opposing_triangles,
          uniq_duvessa, uniq_eustachio, uniq_edmund
D:7:      layout_basic, basic_altar, uniq_joseph, uniq_harold
D:8:      layout_loops_corners, grunt_pizzeria, uniq_grum
D:9:      layout_stronghold, lemuel_crystal_altar, fountainhead
D:10:     layout_irregular_city, grunt_lair_entry_orc_guard_hut,
          hiddenorc1_lemuel, serial_shops, shop
D:11:     layout_roguey, uniq_erica, uniq_gastronok, uniq_josephine
D:12:     layout_stronghold, serial_rivers, chequers_serial_rivers_marsh,
          chequers_serial_rivers_small_b, chequers_serial_rivers_micro_a,
          chequers_serial_rivers_room_a, uniq_jorgrun, uniq_rupert, uniq_snorg
Temple:   eino_temple_rhombus

Skill      XL: |  1  2  3  4  5  6  7  8  9 10 11 12 |
---------------+-------------------------------------+-----
Axes           | 3 4 5 6 8 9 11 12 13 | 13.1
Fighting       | 3 4 5 6 7 8 |  8.3
Armour         | 4 5 6 7 8 9 |  9.8
Shields        | 4 5 6 7 8 9 10 | 10.0
Invocations    | 1 3 4 6 8 9 10 | 10.3

Action                   |  1- 3 |  4- 6 |  7- 9 | 10-12 || total
-------------------------+-------+-------+-------+-------++-------
Melee: War axe           |    80 |    83 |   307 |   201 ||   671
       Headbutt          |       |       |    63 |   150 ||   213
       Hand axe          |       |       |    49 |   322 ||   371
       Broad axe         |       |       |       |   217 ||   217
 Abil: Heal Wounds       |     1 |     6 |    17 |    13 ||    37
Evoke: Wand              |       |       |       |     6 ||     6
  Use: Scroll            |       |       |     8 |     7 ||    15
       Potion            |       |       |     3 |     2 ||     5
  Eat: Chunk             |       |     1 |     9 |    20 ||    30
       Ration            |       |       |     1 |       ||     1
Armor: Scale mail        |    49 |    47 |     2 |       ||    98
       Plate armour      |       |       |   225 |   393 ||   618
Dodge: Dodged            |    17 |    33 |    62 |   155 ||   267
Block: Kite shield       |    35 |    58 |   199 |   397 ||   689

Table legend:
 A = Non-vault XP
 B = Vault XP
 C = Vault XP percentage of total XP
 D = Non-vault monster count
 E = Vault monster count
 F = Vault count percentage of total count
                 A         B        C        D         E       F
            +---------+---------+-------+---------+---------+-------
      Total |   17767 |    9462 |  34.7 |     245 |      46 |  15.8
            +---------+---------+-------+---------+---------+-------
        D:1 |      10 |       0 |   0.0 |       7 |       0 |   0.0
        D:2 |      48 |       0 |   0.0 |      13 |       0 |   0.0
        D:3 |      61 |       0 |   0.0 |      11 |       0 |   0.0
        D:4 |     694 |       0 |   0.0 |      19 |       0 |   0.0
        D:5 |     209 |     855 |  80.4 |       4 |       2 |  33.3
        D:6 |    1240 |     479 |  27.9 |      31 |       8 |  20.5
        D:7 |    1137 |    1473 |  56.4 |      27 |       2 |   6.9
        D:8 |    1402 |     886 |  38.7 |      31 |       6 |  16.2
        D:9 |    1841 |       0 |   0.0 |      21 |       0 |   0.0
       D:10 |    1223 |     784 |  39.1 |       9 |      22 |  71.0
       D:11 |    5458 |    4985 |  47.7 |      43 |       6 |  12.2
       D:12 |    4444 |       0 |   0.0 |      29 |       0 |   0.0
            +---------+---------+-------+---------+---------+-------
